 Dungeon Crawl Stone Soup version 0.16-a0-4072-gc5a8185 (console) character file.

8970 hhkb the Martial Artist (level 11, -2/86 HPs)
             Began as an Octopode Transmuter on Feb 21, 2015.
             Was a High Priest of Okawaru.
             Slain by a manticore zombie (19 damage)
             ... animated by a shadow imp
             ... on level 11 of the Dungeon.
             The game lasted 00:57:24 (17132 turns).

hhkb the Martial Artist (Octopode Transmuter)      Turns: 17132, Time: 00:57:24

Health: -2/86      AC:  6    Str:  9    XL:     11   Next: 39%
Magic:  12/18      EV: 14    Int: 17    God:    Okawaru [*****.]
Gold:   575        SH:  0    Dex: 15    Spells: 4 memorised, 4 levels left

rFire  x . .     SeeInvis .       - Unarmed
rCold  + + +     Clarity  .     (shield currently unavailable)
rNeg   . . .     SustAb   .     v - melded +2 hat of Duck's Teeth {rC+}
rPois  +         Gourm    .     (no amulet)
rElec  .         Spirit   .     p - ring of wizardry {Wiz+, !d}
rCorr  .         Warding  .     H - ring of stealth {Stlth+}
rMut   .         Stasis   .     (no ring)
MR     .....                    (no ring)
Stlth  ++........               (no ring)
                                (no ring)
                                (no ring)
                                (no ring)

@: ice-form, finesse, manticore barbs, not resistant to hostile enchantments,
unstealthy
A: almost no armour, amphibious, 8 rings, (constrict 8), (camouflage 0),
(gelatinous body 0)
a: End Transformation, Heroism, Finesse, Renounce Religion


You were on level 11 of the Dungeon.
You worshipped Okawaru.
Okawaru was extremely pleased with you.
You were not hungry.
You were a creature of crystalline ice.
You visited 1 branch of the dungeon, and saw 11 of its levels.

You collected 575 gold pieces.

Inventory:

Hand weapons
 n - a +0 blowgun
   (You took it off a kobold on level 3 of the Dungeon)
Missiles
 c - 99 stones (quivered)
 i - 12 arrows of flame
 o - 21 poisoned needles
 q - 15 arrows of frost
 J - 7 needles of sleeping
Armour
 v - the +2 hat of Duck's Teeth (melded) {rC+}
   (You found it on level 5 of the Dungeon)

   It protects you from cold.
Rods
 E - a +2 iron rod (12/12)
   (You found it on level 11 of the Dungeon)
Jewellery
 f - an uncursed ring of ice {rC+, rF-}
   (You took it off a wight on level 7 of the Dungeon)
 p - a ring of wizardry (left front paw) {Wiz+, !d}
   (You found it on level 4 of the Dungeon)
 w - an uncursed amulet of stasis {Stasis, !d}
   (You found it on level 5 of the Dungeon)
 H - a ring of stealth (right front paw) {Stlth+}
   (You found it on level 9 of the Dungeon)
Magical devices
 k - a wand of polymorph (0)
   (You took it off Crazy Yiuf on level 3 of the Dungeon)
 t - a wand of confusion (13)
   (You took it off Duvessa on level 7 of the Dungeon)
 u - a wand of digging (15)
   (You found it on level 5 of the Dungeon)
 x - a wand of fireball (0)
   (You found it on level 5 of the Dungeon)
Scrolls
 g - 4 scrolls of identify
 j - 2 scrolls of remove curse
 m - 4 scrolls of teleportation
 y - a scroll of immolation {!r}
 z - 2 scrolls of recharging
 B - 2 scrolls of enchant armour
 D - a scroll of vulnerability {!r!r}
 G - a scroll of fear {unknown}
 I - a scroll of silence {unknown}
Potions
 b - a potion of ambrosia {!q}
 e - a potion of curing
 l - 2 potions of flight
 r - a potion of magic
 A - a potion of cure mutation {!q}
 F - a potion of restore abilities
Books
 d - a book of Changes
Comestibles
 a - 6 bread rations {@e1}
 h - a meat ration {@e2}
 s - 28 fruits
 C - 3 chunks of flesh {@w0}


   Skills:
 + Level 6.0 Fighting
 + Level 7.2 Dodging
 - Level 12.0 Unarmed Combat
 - Level 2.0 Spellcasting
 - Level 7.1 Transmutations
 - Level 3.2 Ice Magic
 - Level 2.8 Poison Magic
 + Level 3.9 Invocations


You had 4 spell levels left.
You knew the following spells:

 Your Spells              Type           Power        Failure   Level  Hunger
a - Beastly Appendage     Trmt           ####..       1%          1    #......
b - Ice Form              Ice/Trmt       ###.....     10%         4    #####..
c - Spider Form           Trmt/Pois      ###.......   4%          3    ###....
s - Sticks to Snakes      Trmt           ####......   1%          2    ###....


Dungeon Overview and Level Annotations

Branches:
Dungeon (11/15)            Temple (0/1) D:4             Orc (0/4) D:9
   Lair: D:8-11

Altars:
Ashenzari
Dithmenos
Elyvilon
Kikubaaqudgha
Makhleb
Nemelex Xobeh
Okawaru
Qazlal
Sif Muna
Trog
Yredelemnul
The Shining One
Jiyva

Annotations:
D:2 exclusion: Sigmund, Sigmund
D:5 Eustachio; Zooty's ghost, experienced HuCK


Innate Abilities, Weirdness & Mutations

You cannot wear most types of armour.
You are amphibious.
You can wear up to eight rings at the same time.
((You can use your tentacles to constrict many enemies at once.))
((Your skin changes colour to match your surroundings (Stealth).))
((Your rubbery body absorbs attacks (AC +1).))


Message History

You bludgeon the hound!
You kill the hound!
Okawaru accepts your kill.
Your Dodging skill increases to level 7!
MP restored: 18 You tentacle-slap the giant frog skeleton.
You grab the giant frog skeleton.
You pierce the giant frog skeleton.
You constrict the giant frog skeleton.
The giant frog skeleton closely misses you.
You bludgeon the giant frog skeleton!
You pierce the giant frog skeleton.
You constrict the giant frog skeleton.
The giant frog skeleton completely misses you.
You tentacle-slap the giant frog skeleton.
You destroy the giant frog skeleton!
Okawaru accepts your kill.
No target in view!
You now have 575 gold pieces (gained 9).
A giant gecko and a manticore come into view.
You throw a stone. The stone hits the giant gecko.
You see here 20 stones.
The giant gecko misses you.
You bludgeon the giant gecko!
You kill the giant gecko!
Okawaru accepts your kill.
You see here 20 stones.
You are feeling hungry.
The manticore flicks its tail.
The volley of spikes hits you!
The barbed spikes become lodged in your body.
You take 17 damage, and have 55/72 hp.
MASSIVE DAMAGE!!
Your tentacle spike disappears.
You turn into a creature of crystalline ice.
The +2 hat of Duck's Teeth {rC+} melds into your body.
A shadow imp comes into view.
You now have 66/86 hp.
The shadow imp moves out of view.
The manticore flicks its tail.
The volley of spikes hits you!
The barbed spikes become lodged in your body.
Something shouts, "Back with thee, thou villainous hedge-born simpleton!"
A river rat comes into view.
You take 7 damage, and have 59/86 hp.
The river rat moves out of view.
You pummel the manticore!! You freeze the manticore! You pummel the manticore!!
You freeze the manticore. The manticore closely misses you.
The manticore misses you. The manticore closely misses you.
You pummel the manticore!! You freeze the manticore.
You kill the manticore!
Okawaru accepts your kill.
Your Fighting skill increases to level 6!
You pummel the river rat!! You freeze the river rat.
You kill the river rat!
Okawaru accepts your kill.
You start resting.
Eating one of 4 chunks of flesh {@w0}.
You continue eating. x2
The shadow imp throws its arms wide.
The dead are walking and flying!
You pummel the shadow imp!!
You kill the shadow imp!
Okawaru accepts your kill.
You hit the river rat zombie but do no damage.
The river rat zombie bites you.
You take 1 damage, and have 61/86 hp.
You hit the river rat zombie. You hit the river rat zombie.
The river rat zombie barely misses you.
You punch the river rat zombie! The manticore zombie bites you.
The manticore zombie barely misses you. x2
You take 6 damage, and have 56/86 hp.
You pummel the river rat zombie!!
You destroy the river rat zombie!
Okawaru accepts your kill.
You pummel the manticore zombie!! You freeze the manticore zombie.
The manticore zombie bites you! The manticore zombie claws you!
The manticore zombie claws you.
You take 21 damage, and have 35/86 hp.
MASSIVE DAMAGE!!
You pummel the manticore zombie!! You freeze the manticore zombie.
The manticore zombie closely misses you.
The manticore zombie claws you. x2
* * * LOW HITPOINT WARNING * * *
You take 12 damage, and have 23/86 hp.
You can now deal lightning-fast blows.
You feel somewhat more hungry.
You now have 12/18 mp.
You punch the manticore zombie! You freeze the manticore zombie.
The manticore zombie bites you.
* * * LOW HITPOINT WARNING * * *
The manticore zombie claws you.
* * * LOW HITPOINT WARNING * * *
The manticore zombie claws you.
* * * LOW HITPOINT WARNING * * *
You take 14 damage, and have 10/86 hp.
You hit the manticore zombie.
Drink which item? (? for menu, Esc to quit)
Okay, then.
Drink which item? (? for menu, Esc to quit)
You feel better. The manticore zombie bites you!!
You die...

#.....<.# #........#♣♣.
#.......####........#♣..
+(....(.'))#.......+#♣..
#.......##.+........'...
#<......####........'...
######+## ######'#.#♣..
#. #.#.#♣.. ..# #.####
#.#.#♣♣. ....#ZY..###
#.#.# ♣♣
.........#...#####...# ♣
.....+.....(........#
.#(.........(.......#
+..$....######.........
#.......+ ...#..#####
#.......# #####..#
........# #...# .......#
#.#.#


You could see a manticore zombie.

Vanquished Creatures
  A hydra (D:11)
  A manticore (D:11)
  A centaur zombie (D:11)
  A troll (D:10)
  A trapdoor spider zombie (D:10)
  A deep elf mage (D:9)
  8 yaks
  3 hippogriffs
  2 steam dragons
  A hungry ghost (D:11)
  2 water moccasins
  2 black bears
  An ice beast (D:10)
  A necrophage (D:10)
  4 orc warriors
  3 phantoms
  A sky beast (D:9)
  A wasp (D:9)
  2 centaurs
  3 ogres
  Duvessa (D:7)
  5 giant frogs
  Blork the orc (D:9)
  A wyvern zombie (D:8)
  2 big kobolds (D:8)
  A wyvern skeleton (D:9)
  2 scorpions
  A water moccasin skeleton (D:9)
  4 wights (D:7)
  Dowan (D:7)
  3 crimson imps
  7 iguanas
  10 orc priests
  6 jellies
  Crazy Yiuf (D:3)
  2 giant frog skeletons
  7 hounds
  2 centaur skeletons
  Natasha (D:5)
  7 orc wizards
  12 worker ants
  2 mummies
  9 gnolls
  8 adders
  A river rat (D:11)
  2 shadow imps
  2 giant mites
  6 worms
  An adder skeleton (D:4)
  An adder zombie (D:9)
  9 giant geckos
  2 oozes
  49 orcs
  A bat skeleton (D:4)
  6 giant cockroaches
  10 hobgoblins
  9 jackals
  21 kobolds
  7 quokkas
  A river rat zombie (D:11)
  2 ball pythons
  17 bats
  2 giant newts
  15 goblins
  11 rats
311 creatures vanquished.

Vanquished Creatures (collateral kills)
  A worm (D:2)
1 creature vanquished.

Grand Total: 312 creatures vanquished

Notes
Turn   | Place    | Note
--------------------------------------------------------------
     0 | D:1      | hhkb, the Octopode Transmuter, began the quest for the Orb.
     0 | D:1      | Reached XP level 1. HP: 13/13 MP: 3/3
   439 | D:1      | Reached XP level 2. HP: 18/18 MP: 4/4
  1383 | D:1      | Reached skill level 4 in Unarmed Combat
  1405 | D:2      | Reached XP level 3. HP: 21/23 MP: 6/6
  1430 | D:1      | Learned a level 2 spell: Sticks to Snakes
  1434 | D:1      | Learned a level 3 spell: Spider Form
  1556 | D:2      | Noticed Sigmund
  1786 | D:2      | Found an iron altar of Okawaru.
  1803 | D:2      | Became a worshipper of Warmaster Okawaru
  1991 | D:2      | Reached skill level 1 in Poison Magic
  2436 | D:2      | Found a glowing golden altar of the Shining One.
  2436 | D:2      | Found a shattered altar of Ashenzari.
  2437 | D:2      | Found a basalt altar of Yredelemnul.
  2983 | D:3      | Noticed an ogre
  2994 | D:3      | Killed an ogre
  2994 | D:3      | Reached skill level 3 in Transmutations
  2994 | D:3      | Reached skill level 2 in Poison Magic
  2994 | D:3      | Reached XP level 4. HP: 28/28 MP: 0/7
  2994 | D:3      | Reached XP level 5. HP: 33/33 MP: 0/9
  3428 | D:3      | HP: 8/33 [gnoll/halberd of venom (20)]
  3469 | D:3      | Reached skill level 5 in Unarmed Combat
  3505 | D:3      | Reached XP level 6. HP: 21/38 MP: 10/10
  3951 | D:3      | Noticed Crazy Yiuf
  3958 | D:3      | Killed Crazy Yiuf
  3958 | D:3      | Acquired Okawaru's first power
  4379 | D:4      | Reached skill level 6 in Unarmed Combat
  4734 | D:4      | Reached XP level 7. HP: 11/43 MP: 8/12
  5597 | D:4      | Found a staircase to the Ecumenical Temple.
  5700 | D:5      | Entered Level 5 of the Dungeon
  5838 | D:5      | Noticed Zooty's ghost (experienced HuCK)
  6355 | D:5      | Noticed Eustachio
  6396 | D:5      | Got a crude hat
  6429 | D:5      | Reached skill level 2 in Fighting
  6479 | D:5      | Identified the +2 hat of Duck's Teeth {rC+} (You found it on level 5 of the Dungeon)
  6494 | D:5      | Found a bloodstained altar of Trog.
  6550 | D:5      | Reached skill level 3 in Dodging
  6750 | D:5      | Reached skill level 7 in Unarmed Combat
  7032 | D:5      | Noticed Natasha
  7045 | D:5      | Killed Natasha
  7119 | D:5      | Reached XP level 8. HP: 39/51 MP: 9/13
  7440 | D:6      | Reached skill level 3 in Fighting
  7905 | D:6      | Reached skill level 4 in Dodging
  8413 | D:6      | HP: 11/54 [something (9)]
  8421 | D:6      | HP: 10/54 [poisoned by a worker ant]
  8724 | D:6      | Reached skill level 4 in Fighting
  8865 | D:6      | Found a deep blue altar of Sif Muna.
  9198 | D:7      | Reached skill level 5 in Dodging
  9198 | D:7      | Reached skill level 8 in Unarmed Combat
  9226 | D:7      | Found a stormy altar of Qazlal.
  9677 | D:7      | Reached skill level 5 in Fighting
  9677 | D:7      | Reached XP level 9. HP: 42/61 MP: 6/14
  9818 | D:7      | Found a sparkling altar of Nemelex Xobeh.
 10122 | D:7      | Reached skill level 9 in Unarmed Combat
 10377 | D:7      | Found a burning altar of Makhleb.
 10724 | D:7      | Found an ancient bone altar of Kikubaaqudgha.
 10844 | D:7      | Noticed Dowan
 10889 | D:7      | Killed Dowan
 10911 | D:7      | Noticed Duvessa
 10928 | D:7      | Killed Duvessa
 11430 | D:7      | Reached skill level 10 in Unarmed Combat
 11453 | D:7      | Learned a level 4 spell: Ice Form
 11617 | D:8      | Reached skill level 1 in Ice Magic
 11898 | D:8      | Reached skill level 4 in Transmutations
 12069 | D:8      | Reached skill level 2 in Ice Magic
 12377 | D:8      | Reached skill level 3 in Ice Magic
 12460 | D:8      | Reached skill level 5 in Transmutations
 12530 | D:8      | HP: 9/61 [wyvern zombie (11)]
 12987 | D:9      | Reached skill level 6 in Transmutations
 12987 | D:9      | Reached XP level 10. HP: 66/66 MP: 12/16
 13010 | D:9      | Reached skill level 7 in Transmutations
 13031 | D:9      | HP: 11/66 [yak (15)]
 13744 | D:9      | Found a white marble altar of Elyvilon.
 14267 | D:9      | Noticed Blork the orc
 14318 | D:9      | Killed Blork the orc
 14489 | D:9      | Found a staircase to the Orcish Mines.
 14684 | D:9      | Reached skill level 6 in Dodging
 14840 | D:9      | Found a shadowy altar of Dithmenos.
 14883 | D:10     | Entered Level 10 of the Dungeon
 14920 | D:10     | Received a gift from Okawaru
 15004 | D:9      | Reached skill level 11 in Unarmed Combat
 15553 | D:10     | Found a viscous altar of Jiyva.
 15613 | D:10     | Acquired Okawaru's second power
 16037 | D:10     | Reached skill level 12 in Unarmed Combat
 16037 | D:10     | Reached skill level 1 in Invocations
 16037 | D:10     | Reached XP level 11. HP: 69/71 MP: 12/17
 16189 | D:10     | Received a gift from Okawaru
 16284 | D:11     | HP: 18/85 [orc warrior/trident (5)]
 16285 | D:11     | Reached skill level 2 in Invocations
 16578 | D:11     | Noticed a six-headed hydra
 16690 | D:11     | Killed a six-headed hydra
 16690 | D:11     | Received a gift from Okawaru
 16690 | D:11     | Reached skill level 3 in Invocations
 16879 | D:11     | Identified a +2 iron rod (12/12) (You found it on level 11 of the Dungeon)
 17070 | D:11     | Reached skill level 7 in Dodging
 17113 | D:11     | Reached skill level 6 in Fighting
 17130 | D:11     | HP: 19/86 [manticore zombie[a shadow imp] (5)]
 17132 | D:11     | Slain by a manticore zombie

Action                   |  1- 3 |  4- 6 |  7- 9 | 10-12 || total
-------------------------+-------+-------+-------+-------++-------
Melee: Unarmed           |    93 |   132 |   417 |   298 ||   940
Throw: Stone             |    57 |    52 |   104 |    27 ||   240
 Cast: Beastly Appendage |     3 |     5 |    11 |     7 ||    26
       Sticks to Snakes  |     2 |       |     7 |       ||     9
       Spider Form       |     1 |     9 |    34 |     9 ||    53
       Ice Form          |       |       |       |    18 ||    18
Invok: Heroism           |       |       |     1 |     1 ||     2
       Finesse           |       |       |       |     2 ||     2
Evoke: Wand              |       |       |     9 |     1 ||    10
  Use: Scroll            |     3 |     1 |    14 |     2 ||    20
       Potion            |       |     2 |     2 |     4 ||     8
 Stab: Confused          |       |       |     1 |       ||     1
       Sleeping          |       |       |       |     2 ||     2
  Eat: Chunk             |     6 |     7 |    24 |    15 ||    52
       Beef jerky        |       |       |     3 |     1 ||     4
       Fruit             |       |       |     2 |       ||     2
       Meat ration       |       |       |       |     1 ||     1

Vault maps used:
D:1:      lightli_arrival_windingriver, serial_corexii_hall,
          corexii_hall_statues_t, corexii_hall_statues_l,
          corexii_hall_statues_deadend, corexii_hall_statues_deadend
D:2:      gammafunk_temple_overflow_claw, okawaru_gym_becter, uniq_sigmund
D:3:      uniq_crazy_yiuf_cottage
D:4:      temple_hall, serial_forest, infiniplex_forest_straight_2,
          infiniplex_forest_zigzag_1, infiniplex_forest_end_1,
          infiniplex_forest_clump_double, infiniplex_forest_lined_3,
          infiniplex_forest_clump_cross, infiniplex_forest_straight_2,
          first_bread
D:5:      kennysheep_mini_moat, kennysheep_generic_room_14, uniq_eustachio,
          uniq_natasha
D:6:      kennysheep_little_box, lemuel_blue_sif_altar, grunt_decor_resistance
D:7:      lemuel_round_altar, lemuel_coloured_pillars_altar,
          lemuel_doored_altar, lemuel_crystal_altar, uniq_duvessa
D:8:      blue_anna_alchemist
D:9:      nicolae_overflow_crystal_walls, nicolae_overflow_hidden_temple,
          hiddenorc1_lemuel, uniq_blork_the_orc
D:10:     serial_pond, minmay_pond_plants_ab, minmay_pond_plants_j,
          jiyva_altar_1
D:11:     due_lair_maze_entry_diamond, enter_trove_1, kennysheep_big_empty_room,
          kennysheep_generic_room_8

Table legend:
 A = Turns spent in this place as a percentage of turns spent in the entire game.
 B = Non-inter-level travel turns spent in this place as a percentage of non-inter-level travel turns spent in the entire game.
 C = Inter-level travel turns spent in this place as a percentage of turns spent in this place.
 D = Turns resting spent in this place as a percentage of non-inter-level travel turns spent in this place.
 E = Turns spent auto-exploring this place as a percentage of non-inter-level travel turns spent in this place.
 F = Non-inter-level travel turns spent in this place divided by the number of levels of this place that you've seen.
                   A       B       C       D       E      F
               +-------+-------+-------+-------+-------+----------------------
         Total | 100.0 | 100.0 |   0.7 |   4.0 |   6.2 | 570.8
       Dungeon | 100.0 | 100.0 |   0.7 |   4.0 |   6.2 | 570.8
               +-------+-------+-------+-------+-------+----------------------

Table legend:
 A = Kills in this place as a percentage of kills in entire the game.
 B = Kills by you in this place as a percentage of kills by you in the entire game.
 C = Kills by friends in this place as a percentage of kills by friends in the entire game.
 D = Other kills in this place as a percentage of other kills in the entire game.
 E = Experience gained in this place as a percentage of experience gained in the entire game.
 F = Experience gained in this place divided by the number of levels of this place that you have seen.
                   A       B       C       D       E      F
               +-------+-------+-------+-------+-------+----------------------
         Total | 100.0 | 100.0 | 100.0 |  -nan | 100.0 | 1165.0
       Dungeon | 100.0 | 100.0 | 100.0 |  -nan | 100.0 | 1165.0
               +-------+-------+-------+-------+-------+----------------------
